 Dungeon Sprint DCSS version 0.26-a0-712-ga5a9c9c9d0 (webtiles) character file.

Game seed: 17443045913452529625

260272 olmar the Petrodigitator (level 19, -23/203 HPs)
             Began as a Deep Dwarf Earth Elementalist on Oct 31, 2020.
             Was an Initiate of Gozag.
             Killed from afar by a Hell Sentinel (52 damage)
             ... with damnation
             ... in the Dungeon (Sprint VII: "The Pits") on Nov 1, 2020.
             The game lasted 00:51:06 (10463 turns).

olmar the Petrodigitator (DDEE)                    Turns: 10463, Time: 00:51:06

Health: -23/203    AC: 48    Str: 23    XL:     19   Next: 17%
Magic:  21/50      EV:  4    Int: 27    God:    Gozag
Gold:   12755      SH: 17    Dex: 15    Spells: 51/72 levels left

rFire    + + +     SeeInvis .   Y - staff of earth
rCold    + + +     Faith    .   t - +3 tower shield {reflect}
rNeg     + . .     Spirit   .   N - +14 gold dragon scales
rPois    +         Reflect  +   (helmet restricted)
rElec    +         Harm     .   r - scarf {repulsion}
rCorr    +         Rampage  .   G - +1 pair of gloves {Str+3}
MR       ++++.     NoTele   +   b - +2 pair of boots {run}
Stlth    ..........             J - amulet "Jireokh" {RegenMP Fragile rC+ Str+6 Dex+2}
HPRegen  0.00/turn              I - ring of the Mage {Wiz MR++ Int+3}
MPRegen  0.57/turn              M - ring of Winter {rF++ rC+}

@: resistant, gold aura, stab, very slightly contaminated, non-regenerating,
glowing, studying Fire Magic, invisible (but backlit and visible), repel
missiles, quick
A: damage resistance, heal wounds, hooves 1, horns 1, frail 1, negative energy
resistance 1, sense surroundings 3, strong 1, no regeneration
}: 2/3 runes: silver, iron
a: Heal Wounds, Potion Petition, Call Merchant, Bribe Branch, Renounce Religion


You were in the Dungeon.
You worshipped Gozag.
Gozag was extremely pleased with you.
You visited 1 branch You collected 39504 gold pieces.
You spent 2307 gold pieces at shops.
You paid 24442 gold pieces to Gozag.

Inventory:

Armour
 b - a +2 pair of boots of running (worn)
 r - a scarf of repulsion (worn)
 t - a +3 tower shield of reflection (worn)
 G - a +1 pair of gloves of strength (worn)
 K - a +1 pair of boots of stealth
 N - +14 gold dragon scales (worn)
 S - the +1 pair of gloves "Xetzut" {rC+}
   (You found it in the Dungeon)

   It protects you from cold.
Magical Staves
 Y - an uncursed staff of earth (weapon)
Jewellery
 d - the ring of Dabyif {+Blink rElec MR+ Dex+4 Slay+4}
   (You found it in the Dungeon)

   [ring of slaying]

   It affects your dexterity (+4).
   It affects your accuracy and damage with ranged weapons and melee attacks
   (+4).
   It insulates you from electricity.
   It affects your resistance to hostile enchantments.
   It lets you blink.
 h - the ring "Quvimec" {Wiz rN+}
   (You found it in the Dungeon)

   [ring of wizardry]

   It improves your spell success rate.
   It protects you from negative energy.
 m - the ring "Zuot" {rPois MP+9}
   (You found it in the Dungeon)

   [ring of magical power]

   It protects you from poison.
   It affects your magic capacity (+9).
 o - the ring of Sin {rElec rN+}
   (You found it in the Dungeon)

   [ring of positive energy]

   It insulates you from electricity.
   It protects you from negative energy.
 s - the ring of Satisfaction {Ice *Slow MR+ Slay+2}
   (You found it in the Dungeon)

   [ring of ice]

   It enhances your ice magic.
   It affects your accuracy and damage with ranged weapons and melee attacks
   (+2).
   It makes you vulnerable to fire.
   It protects you from cold.
   It affects your resistance to hostile enchantments.
   It may slow you when you take damage.
 I - the ring of the Mage (left hand) {Wiz MR++ Int+3}
   (You bought it in a shop in the Dungeon)

   [ring of wizardry]

   It improves your spell success rate.
   It affects your intelligence (+3).
   It affects your resistance to hostile enchantments.
 J - the amulet "Jireokh" (around neck) {RegenMP Fragile rC+ Str+6 Dex+2}
   (You found it in the Dungeon)

   [amulet of magic regeneration]

   It increases your magic regeneration.
   It affects your strength (+6).
   It affects your dexterity (+2).
   It protects you from cold.
   It will be destroyed if unequipped.
 L - the ring of Zioneqysk {EV+4 Int+6}
   (You found it in the Dungeon)

   [ring of evasion]

   It affects your evasion (+4).
   It affects your intelligence (+6).
 M - the ring of Winter (right hand) {rF++ rC+}
   (You found it in the Dungeon)

   [ring of protection from cold]

   It greatly protects you from fire.
   It protects you from cold.
Wands
 c - a wand of random effects (8)
 l - a wand of iceblast (4)
 U - a wand of acid (9)
Scrolls
 g - 10 scrolls of identify
 j - 8 scrolls of remove curse
 k - 6 scrolls of amnesia
 x - 7 scrolls of enchant weapon
 y - 5 scrolls of enchant armour
 z - 5 scrolls of fear
 A - a scroll of fog
 T - 2 scrolls of magic mapping
Potions
 a - a potion of invisibility
 f - 14 potions of haste
 p - 7 potions of might
 q - 4 potions of magic
 B - 2 potions of lignification
 C - a potion of flight
 D - 2 potions of mutation
 H - 2 potions of stabbing
Books
 n - a manual of Fire Magic
Miscellaneous
 e - a phial of floods
 i - a phantom mirror
 w - a lightning rod (4/4)
 E - a condenser vane (1/2)


   Skills:
 O Level 27 Fighting
   Level 1.0 Long Blades
 O Level 27 Armour
 + Level 2.1 Dodging
 + Level 15.8 Stealth
 + Level 3.3 Shields
 O Level 27 Spellcasting
 + Level 20.0 Conjurations
   Level 0.8 Transmutations
 O Level 27 Earth Magic
 O Level 27 Evocations


You had 51 spell levels left.
You knew the following spells:

 Your Spells              Type           Power        Failure   Level
a - Sandblast             Erth           ######       0%          1
b - Lee's Rapid Deconstr  Erth           ########..   1%          5
c - Iron Shot             Conj/Erth      ########..   1%          6
d - Shatter               Erth           ########..   52%         9

Your spell library contained the following spells:

 Spells                   Type           Power        Failure   Level
 Stone Arrow              Conj/Erth      ######       0%          3
 Passwall                 Tmut/Erth      ########     1%          2
 Dazzling Flash           Conj/Hex       ######       1%          3
 Static Discharge         Conj/Air       ######..     1%          3
 Leda's Liquefaction      Hex/Erth       ########..   1%          4
 Petrify                  Tmut/Erth      ########     1%          4
 Bolt of Magma            Conj/Fire/Erth ########..   1%          5
 Borgnjor's Vile Clutch   Necr/Erth      ########..   4%          5
 Iskenderun's Mystic Bla  Conj/Tloc      ######..     7%          4
 Mephitic Cloud           Conj/Pois/Air  ######..     9%          3
 Fireball                 Conj/Fire      ######....   19%         5
 Lightning Bolt           Conj/Air       ######....   19%         5
 Statue Form              Tmut/Erth      ########.    21%         6
 Beastly Appendage        Tmut           #####.       28%         1
 Sting                    Tmut/Pois      ####         32%         1
 Apportation              Tloc           #####.       38%         1
 Corona                   Hex            #####..      38%         1
 Wereblood                Tmut           #####...     38%         2
 Blink                    Tloc           N/A          50%         2
 Ensorcelled Hibernation  Hex/Ice        #####.       50%         2
 Poisonous Vapours        Pois/Air       #####.       50%         2
 Starburst                Conj/Fire      ######....   67%         6
 Ignite Poison            Fire/Tmut/Pois #####...     69%         3
 Confusing Touch          Hex            #####...     73%         3
 Gell's Gravitas          Tloc           #####.....   73%         3
 Inner Flame              Hex/Fire       #####...     73%         3
 Lesser Beckoning         Tloc           #####.....   73%         3
 Portal Projectile        Hex/Tloc       #####.       73%         3
 Summon Guardian Golem    Hex/Summ       #####...     73%         3
 Teleport Other           Tloc           #####...     73%         3
 Tukima's Dance           Hex            #####...     73%         3
 Cause Fear               Hex            #####.....   98%         4
 Olgreb's Toxic Radiance  Pois           #####...     98%         4
 Passage of Golubria      Tloc           N/A          98%         4
 Freezing Cloud           Conj/Ice/Air   ######....   98%         6
 Silence                  Hex/Air        #####.....   100%        5
 Yara's Violent Unravell  Hex/Tmut       #####.....   100%        5
 Shadow Creatures         Summ           N/A          100%        6
 Discord                  Hex            #####.....   100%        8
 Ignition                 Fire           #####.....   100%        8
 Tornado                  Air            #####.....   100%        9


Dungeon Overview and Level Annotations

Branches:
Dungeon (1/1)

Altars:
Ashenzari
Cheibriados
Dithmenos
Elyvilon
Fedhas
Gozag
Hepliaklqana
Kikubaaqudgha
Makhleb
Nemelex Xobeh
Okawaru
Qazlal
Ru
Sif Muna
Trog
Uskayaw
Vehumet
Wu Jian
Xom
Yredelemnul
Zin
The Shining One
Beogh
Jiyva
Lugonu

Shops:
D [}!=


Innate Abilities, Weirdness & Mutations

You are resistant to damage.
You can heal yourself by infusing magical energy.
You resist negative energy. (rN+)
You passively map a large area around you.
You do not regenerate.
You have large cloven feet.
You have a pair of small horns on your head.
You are frail. (-10% HP)
Your muscles are strong. (Str +2)


Message History

The angel is healed somewhat.
The angel gestures.
The angel is healed somewhat.
The phantasmal warrior hits you. You block the Hell Sentinel's attack.
The Hell Sentinel hits you but does no damage.
You are very lightly contaminated with residual magic.
Unknown command. [a] - 240 gold - invisibility and stabbing [b] - 616 gold - invisibility, stabbing and resistance [c] - 960 gold - resistance, invisibility, stabbing, heal wounds and berserk rage Purchase which effect?
You become more transparent, but the glow from the halo prevents you from becoming completely invisible.
You feel more ready to backstab.
The angel gestures.
The angel is healed somewhat.
The phantasmal warrior blinks!
A cherub comes into view.
It is wielding a +4 scimitar of flaming.
The Hell Sentinel gestures at you.
The sphere of damnation explodes!
The damnation engulfs you!!!
You die...
Your body crumbles into a pile of gold.

1[2))[....)===##.#
#.2[[[)["))=[)##A#
################A#
.#.'.'.#.##'.# #§#
'#$#'#'#'#C### #A#
.'.'.'.&.'#'.###A#
###########...##A#
.'.'.#.'.###.###1#
'###'###'#C#'# #@#
.'##.'#L.)#)&# #§#
##.###.###.### #§#
.###.###.###1###Z#
..'...)...'...##.##
.##'.##'.##'.##.$W#
##.###.###.##+')).#
### ### #######)##
################)#


You could see a Hell Sentinel, a daeva, 2 angels, 2 cherubim, a neutral
phantasmal warrior (summoned) and a neutral jackal simulacrum (summoned).

Vanquished Creatures
  Lom Lobon (D)
  2 orbs of fire (D)
  An ancient lich (D)
  2 greater mummies (D)
  Boris (D)
  A Killer Klown (D)
  Frederick (D)
  A curse toe (D)
  Nikola (D)
  2 golden dragons (D)
  2 pearl dragons (D)
  2 profane servitors (D)
  3 bone dragons (D)
  3 electric golems (D)
  2 Tzitzimimeh (D)
  A Brimstone Fiend (D)
  4 Ice Fiends (D)
  A tentacled monstrosity (D)
  A lich (D)
  A Hell Sentinel (D)
  A deep elf master archer (D)
  2 titans (D)
  2 deep elf blademasters (D)
  An acid blob (D)
  2 death cobs (D)
  A sphinx (D)
  An Executioner (D)
  A shadow dragon (D)
  3 nagarajas (D)
  A storm dragon (D)
  A daeva (D)
  2 fire giants (D)
  2 draconian knights (D)
  A frost giant (D)
  5 ghost moths (D)
  2 iron dragons (D)
  A draconian scorcher (D)
  2 orc warlords (D)
  2 reapers (D)
  A cacodemon (D)
  A balrug (D)
  A spriggan defender (D)
  A draconian stormcaller (D)
  2 draconian annihilators (D)
  A war gargoyle (D)
  Nessos (D)
  An apis (D)
  3 deep elf demonologists (D)
  2 lorocyprocas (D)
  A green draconian (D)
  2 white draconians (D)
  4 dire elephants (D)
  4 deep elf annihilators (D)
  2 black draconians (D)
  2 purple draconians (D)
  4 red draconians (D)
  3 blizzard demons (D)
  A merfolk javelineer (D)
  A death ooze (D)
  A green death (D)
  A deep elf death mage (D)
  A fire dragon (D)
  A great orb of eyes (D)
  5 vault guards (D)
  A deep elf high priest (D)
  6 hydras (D)
  2 hell beasts (D)
  A merfolk avatar (D)
  4 naga warriors (D)
  3 catoblepae (D)
  3 death knights (D)
  4 ice dragons (D)
  A spriggan air mage (D)
  A satyr (shapeshifter) (D)
  3 two-headed ogres (D)
  3 ogre magi (D)
  A vampire mage (D)
  3 spriggan berserkers (D)
  7 hell hogs (D)
  A sun demon (D)
  A naga sharpshooter (D)
  5 deep elf knights (D)
  Urug (D)
  3 soul eaters (D)
  11 hell knights (D)
  An iron troll (D)
  2 unseen horrors (D)
  A death drake (D)
  2 deep trolls (D)
  2 spriggan druids (D)
  3 cherubim (D)
  8 swamp dragons (D)
  3 wizards (D)
  A lindwurm (shapeshifter) (D)
  9 orc knights (D)
  A phantasmal warrior (D)
  5 lindwurms (D)
  2 necromancers (D)
  4 deep elf magi (D)
  Maurice (D)
  2 moths of wrath (D)
  2 rust devils (D)
  3 naga magi (D)
  A black mamba (D)
  A large abomination (D)
  2 gargoyles (D)
  2 hellions (D)
  4 rime drakes (D)
  2 freezing wraiths (D)
  2 kobold demonologists (D)
  4 komodo dragons (D)
  3 wandering mushrooms (D)
  7 yaktaurs (D)
  A red devil (D)
  A demonic crawler (D)
  2 hellwings (D)
  A tyrant leech (D)
  2 merfolk (D)
  2 trolls (D)
  A hornet (D)
  A wind drake (D)
  3 slime creatures (D)
  12 dream sheep (D)
  A shadow (D)
  7 wyverns (D)
  A ynoxinul (D)
  A redback (D)
  2 air elementals (D)
  2 spriggans (D)
  3 water elementals (D)
  3 basilisks (D)
  A wraith (D)
  A golden eye (D)
  5 steam dragons (D)
  5 yaks (D)
  2 fire elementals (D)
  4 vampire mosquitoes (D)
  Grum (D)
  7 acid dragons (D)
  2 soldier ants (D)
  A floating eye (D)
  2 ice beasts (D)
  A phantom (D)
  A sky beast (D)
  2 eyes of draining (D)
  3 ogres (D)
  4 swamp drakes (D)
  11 wolves (D)
  A centaur (D)
  A big kobold (D)
  A bullfrog (D)
  An earth elemental (D)
  A scorpion (D)
  9 killer bees (D)
  A quasit (D)
  An orc priest (D)
  A jelly (D)
  An orc wizard (D)
  An iguana (D)
  A mummy (D)
  4 adders (D)
  A river rat (D)
  An ufetubus (D)
  2 oozes (D)
  An adder skeleton (D)
  2 orcs (D)
  2 bat skeletons (D)
  A giant cockroach (D)
  A hobgoblin (D)
  2 quokkas (D)
  A ball python (D)
  A bat simulacrum (D)
  5 kobolds (D)
  A quokka skeleton (D)
  A rat (D)
403 creatures vanquished.

Vanquished Creatures (collateral kills)
  A Tzitzimitl (D)
  2 angels (D)
  5 cherubim (D)
8 creatures vanquished.

Vanquished Creatures (others)
  An orb of fire (D)
  An ancient lich (D)
  A greater mummy (D)
  A Killer Klown (D)
  A hellephant (D)
  2 Tzitzimimeh (D)
  2 Brimstone Fiends (D)
  A Hell Sentinel (D)
  A tentacled monstrosity (D)
  2 titans (D)
  9 daevas (D)
  17 angels (D)
  A balrug (D)
  A fire dragon (D)
  A green death (D)
  2 dancing weapons (D)
  11 cherubim (D)
  An adder skeleton (D)
  A leopard gecko skeleton (D)
57 creatures vanquished.

Grand Total: 468 creatures vanquished

Notes
Turn   | Place    | Note
-------+----------+-------------------------------------------
     0 | D        | olmar the Deep Dwarf Earth Elementalist began the quest for
                  | the Orb.
     0 | D        | Reached XP level 1. HP: 15/15 MP: 3/3
    34 | D        | Found a glowing golden altar of the Shining One.
    34 | D        | Found a glowing silver altar of Zin.
    34 | D        | Found a basalt altar of Yredelemnul.
    34 | D        | Found a shimmering altar of Xom.
    34 | D        | Found an ornate altar of the Wu Jian Council.
    34 | D        | Found a bloodstained altar of Trog.
    34 | D        | Found a shimmering blue altar of Sif Muna.
    34 | D        | Found a sacrificial altar of Ru.
    34 | D        | Found a stormy altar of Qazlal.
    34 | D        | Found an iron altar of Okawaru.
    34 | D        | Found a sparkling altar of Nemelex Xobeh.
    34 | D        | Found a burning altar of Makhleb.
    34 | D        | Found a viscous altar of Jiyva.
    34 | D        | Found a hazy altar of Hepliaklqana.
    34 | D        | Found an opulent altar of Gozag.
    34 | D        | Found a blossoming altar of Fedhas.
    34 | D        | Found a white marble altar of Elyvilon.
    34 | D        | Found a shadowy altar of Dithmenos.
    34 | D        | Found a snail-covered altar of Cheibriados.
    35 | D        | Found a radiant altar of Vehumet.
    35 | D        | Found a corrupted altar of Lugonu.
    35 | D        | Found a roughly hewn altar of Beogh.
    36 | D        | Found an ancient bone altar of Kikubaaqudgha.
    36 | D        | Found a hide-covered altar of Uskayaw.
    36 | D        | Found a broken altar of Ashenzari.
    38 | D        | Became a worshipper of Gozag Ym Sagoz the Greedy
    48 | D        | Reached skill level 5 in Earth Magic
    77 | D        | Reached XP level 2. HP: 22/22 MP: 2/5
   139 | D        | Reached XP level 3. HP: 28/28 MP: 3/7
   278 | D        | Noticed a floating eye
   293 | D        | Killed a floating eye
   293 | D        | Reached skill level 5 in Spellcasting
   293 | D        | Reached XP level 4. HP: 36/36 MP: 4/11
   293 | D        | Reached XP level 5. HP: 42/42 MP: 4/12
   358 | D        | Learned a level 5 spell: Lee's Rapid Deconstruction
   367 | D        | Noticed an ice beast
   371 | D        | Killed an ice beast
   431 | D        | Reached XP level 6. HP: 49/49 MP: 3/15
   755 | D        | Noticed a deep elf mage
   757 | D        | Killed a deep elf mage
   757 | D        | Reached skill level 15 in Earth Magic
   757 | D        | Reached XP level 7. HP: 51/55 MP: 7/20
   836 | D        | Reached skill level 10 in Spellcasting
   837 | D        | Reached XP level 8. HP: 58/62 MP: 11/22
   927 | D        | Noticed a freezing wraith
   931 | D        | Killed a freezing wraith
  1001 | D        | Bought a runed scarf for 240 gold pieces
  1011 | D        | Bought a scorched leather armour for 210 gold pieces
  1012 | D        | Noticed a red devil
  1013 | D        | Killed a red devil
  1027 | D        | Noticed a black mamba
  1029 | D        | Killed a black mamba
  1029 | D        | Gained mutation: You passively map the area around you.
                  | [Deep Dwarf growth]
  1029 | D        | Reached XP level 9. HP: 63/68 MP: 10/25
  1037 | D        | Noticed a freezing wraith
  1049 | D        | Killed a freezing wraith
  1061 | D        | Noticed Grum
  1081 | D        | Killed Grum
  1108 | D        | Noticed Urug
  1111 | D        | Killed Urug
  1251 | D        | Noticed a gargoyle
  1252 | D        | Reached XP level 10. HP: 64/75 MP: 19/27
  1254 | D        | Killed a gargoyle
  1322 | D        | Killed an unseen horror
  1387 | D        | Identified the cursed +0 leather armour of Emir {MP-9 Dex+6
                  | Stlth+} (You bought it in a shop in the Dungeon)
  1542 | D        | Noticed a deep elf knight
  1542 | D        | Noticed a deep elf mage
  1543 | D        | Noticed a deep elf knight
  1545 | D        | Killed a deep elf knight
  1545 | D        | Reached skill level 15 in Spellcasting
  1546 | D        | Killed a deep elf knight
  1546 | D        | Reached XP level 11. HP: 48/81 MP: 6/30
  1550 | D        | Noticed a deep elf mage
  1551 | D        | Noticed a deep elf knight
  1688 | D        | Killed a deep elf knight
  1692 | D        | Killed a deep elf mage
  1764 | D        | Killed a deep elf mage
  2425 | D        | Bought a potion of lignification for 39 gold pieces
  2425 | D        | Bought a potion of flight for 39 gold pieces
  2425 | D        | Bought a potion of heal wounds for 65 gold pieces
  2425 | D        | Bought a potion of mutation for 104 gold pieces
  2425 | D        | Bought 2 potions of heal wounds for 130 gold pieces
  2428 | D        | Bought a condenser vane (2/2) for 300 gold pieces
  2430 | D        | Noticed a phantasmal warrior
  2433 | D        | Killed a phantasmal warrior
  2440 | D        | Killed an unseen horror
  2509 | D        | Noticed a spriggan druid
  2513 | D        | Killed a spriggan druid
  2513 | D        | Reached XP level 12. HP: 40/88 MP: 22/33
  2567 | D        | Noticed a death cob
  2570 | D        | Killed a death cob
  2670 | D        | Noticed a death knight
  2675 | D        | Killed a death knight
  2675 | D        | Reached skill level 1 in Evocations
  2815 | D        | Noticed a daeva
  2822 | D        | Killed a daeva
  2976 | D        | Noticed a red draconian
  2976 | D        | Noticed a hell hog
  2976 | D        | Noticed a hell hog
  2976 | D        | Noticed a hell hog
  2977 | D        | Noticed an orc warlord
  2977 | D        | Noticed an orc warlord
  2978 | D        | Killed a hell hog
  2980 | D        | Killed a red draconian
  2983 | D        | Killed a hell hog
  2983 | D        | Killed an orc warlord
  2986 | D        | Killed a hell hog
  2987 | D        | Reached skill level 27 in Earth Magic
  2988 | D        | Noticed a naga warrior
  2991 | D        | Reached XP level 13. HP: 29/94 MP: 0/36
  2994 | D        | Killed an orc warlord
  3119 | D        | Noticed a nagaraja
  3131 | D        | Killed a nagaraja
  3361 | D        | Killed a lorocyproca
  3540 | D        | Found the +15 Maxwell's patent armour {-Cast -Tele rElec
                  | MR+ rCorr}
  3621 | D        | Got the +6 scimitar of Prudence {vorpal, *Rage rElec Dex+3}
  3680 | D        | Bought the ring of the Mage {Wiz MR++ Int+3} for 620 gold
                  | pieces
  3680 | D        | Found the ring of the Mage {Wiz MR++ Int+3}
  3680 | D        | Bought a ring of the Octopus King {rC+ AC+1 EV+1 Str+1
                  | Int+1 Dex+1} for 560 gold pieces
  3680 | D        | Found the ring of the Octopus King {rC+ AC+1 EV+1 Str+1
                  | Int+1 Dex+1}
  3800 | D        | Killed Maurice
  3800 | D        | Reached skill level 1 in Armour
  3801 | D        | Killed a ghost moth
  3834 | D        | Killed a ghost moth
  3869 | D        | Identified the +8 falchion "Hiet" {venom, *Noise rElec
                  | Str+4}
  3874 | D        | Reached skill level 1 in Fighting
  3874 | D        | Reached skill level 5 in Armour
  4164 | D        | Killed a ghost moth
  4164 | D        | Reached skill level 1 in Long Blades
  4164 | D        | Gained mutation: You resist negative energy. (rN+) [Deep
                  | Dwarf growth]
  4164 | D        | Reached XP level 14. HP: 106/106 MP: 0/41
  4286 | D        | Noticed a death cob
  4286 | D        | Noticed an iron dragon
  4291 | D        | Killed a death cob
  4293 | D        | Killed an iron dragon
  4432 | D        | Noticed a deep elf master archer
  4434 | D        | Killed a deep elf master archer
  4437 | D        | Noticed a black draconian scorcher
  4439 | D        | Noticed a white draconian knight
  4440 | D        | Killed a black draconian scorcher
  4441 | D        | Killed a white draconian knight
  4442 | D        | Noticed a lich
  4446 | D        | Killed a lich
  4446 | D        | Reached skill level 10 in Armour
  4449 | D        | Noticed a red draconian knight
  4466 | D        | Killed a red draconian knight
  4490 | D        | Noticed a purple draconian stormcaller
  4509 | D        | Killed a purple draconian stormcaller
  4660 | D        | Noticed a nagaraja
  4663 | D        | Killed a nagaraja
  4733 | D        | Reached skill level 5 in Fighting
  4821 | D        | Noticed a nagaraja
  4823 | D        | Killed a nagaraja
  4971 | D        | Noticed a bone dragon
  4975 | D        | Killed a bone dragon
  5146 | D        | Got the ring "Zaxeiweuth" {+Inv rElec Str+4 Dex+4 SInv}
  5148 | D        | Got the ring of Qanlir {*Drain rPois rN++ Dex+6}
  5150 | D        | Got the ring of Mysticism {rElec EV+6 Str-2 Int+2}
  5152 | D        | Got the ring "Ojij" {Str+4 Int+6}
  5154 | D        | Got the ring of Nioravopt {rPois AC+6 Str+4 Int+2 Stlth-}
  5156 | D        | Got the ring of the Country {EV+6 Str+6 Int-4}
  5158 | D        | Got the ring of Winter {rF++ rC+}
  5160 | D        | Got the ring "Dojo" {rC+ MR+ SInv}
  5163 | D        | Got the ring of Paranoia {rPois Str+6 Stlth+}
  5165 | D        | Got the ring "Ruottanaum" {Fire rElec Str-5 Int+3 Stlth+}
  5167 | D        | Got the ring of Jiref {rC+ rN+ MP+9 AC+6 Stlth+}
  5222 | D        | Got the amulet of Cytum {*Drain rN+ Regen+ Int+5 Dex+2}
  5224 | D        | Got the amulet "Jireokh" {RegenMP Fragile rC+ Str+6 Dex+2}
  5226 | D        | Got the amulet of Wezub {RegenMP +Inv rElec rC+++ MR-}
  5228 | D        | Got the amulet "Fugae" {Spirit Str+3 Dex+2}
  5230 | D        | Got the amulet "Ubaiku" {Spirit rElec rPois MR- Str+7}
  5232 | D        | Got the amulet "Atasch" {Spirit +Fly rElec rC+ Int-2}
  5234 | D        | Got the ring "Zas Foon" {MR+ Slay+5}
  5236 | D        | Got the amulet "Ceaziz" {rF+ Regen+}
  5238 | D        | Got the ring "Ceiraruhi" {Wiz rF+ Int+5}
  5240 | D        | Got the ring "Xeupum" {+Fly rF+ rN+ Int+5 Stlth-}
  5242 | D        | Got the ring "Ebbuclud" {Int+2 SInv Stlth+}
  5244 | D        | Got the ring "Vutelepn" {rElec rC+ Dex+6 Slay+4}
  5294 | D        | Got the ring "Arghirghei" {*Corrode rElec rN+ Slay+5}
  5301 | D        | Reached XP level 15. HP: 92/123 MP: 21/45
  5395 | D        | Got the Collected Works on the Rocks and Companions
  5409 | D        | Got Sif Muna's Disquisition on Spatial Transmutation
  5418 | D        | Got Sif Muna's Collected Works on Dislocated Heat
  5423 | D        | Got the Tome of Damaging Malediction
  5425 | D        | Got the Disquisition on Contamination and Ignition
  5438 | D        | Learned a level 6 spell: Iron Shot
  5448 | D        | Learned a level 9 spell: Shatter
  5486 | D        | Noticed an Ice Fiend
  5491 | D        | Killed an Ice Fiend
  5560 | D        | Noticed a golden dragon
  5564 | D        | Killed a golden dragon
  5602 | D        | Noticed a Hell Sentinel
  5609 | D        | Killed a Hell Sentinel
  5659 | D        | Noticed Nessos
  5664 | D        | Noticed Nikola
  5666 | D        | Reached skill level 27 in Spellcasting
  5668 | D        | Killed Nessos
  5678 | D        | Killed Nikola
  5806 | D        | Reached skill level 15 in Armour
  6566 | D        | Noticed a bone dragon
  6585 | D        | Killed a bone dragon
  6642 | D        | Noticed a fire giant
  6646 | D        | Killed a fire giant
  7005 | D        | Noticed a profane servitor
  7010 | D        | Killed a profane servitor
  7150 | D        | Noticed a storm dragon
  7153 | D        | Reached XP level 16. HP: 99/144 MP: 31/47
  7164 | D        | Killed a storm dragon
  7713 | D        | Got the +8 chain mail of Too Many Cooks {*Drain rElec rN+
                  | MR++}
  7866 | D        | Noticed a golden dragon
  7876 | D        | Reached skill level 5 in Evocations
  7876 | D        | Reached skill level 10 in Fighting
  7879 | D        | Killed a golden dragon
  7879 | D        | Reached skill level 10 in Evocations
  7971 | D        | Reached skill level 15 in Evocations
  8145 | D        | Got the amulet "Ivex" {Acrobat rPois Dex+4}
  8170 | D        | Got the +1 pair of gloves "Xetzut" {rC+}
  8181 | D        | Got a silver rune of Zot
  8255 | D        | Noticed a sphinx
  8257 | D        | Killed a sphinx
  8257 | D        | Reached skill level 27 in Armour
  8503 | D        | Noticed a deep elf blademaster
  8510 | D        | Killed a deep elf blademaster
  8510 | D        | Reached XP level 17. HP: 129/157 MP: 29/48
  8790 | D        | Noticed a Killer Klown
  8796 | D        | Killed a Killer Klown
  8796 | D        | Reached skill level 27 in Evocations
  8816 | D        | Noticed a titan
  8819 | D        | Killed a titan
  8926 | D        | Reached skill level 15 in Fighting
  8959 | D        | Noticed a deep elf blademaster
  8959 | D        | Noticed a bone dragon
  8960 | D        | Noticed an Ice Fiend
  8962 | D        | Noticed an acid blob
  8964 | D        | Killed an Ice Fiend
  8965 | D        | Killed a deep elf blademaster
  8967 | D        | Killed an acid blob
  8994 | D        | Killed a bone dragon
  9048 | D        | Noticed Frederick
  9052 | D        | Killed Frederick
  9167 | D        | Noticed a curse toe
  9181 | D        | Killed a curse toe
  9316 | D        | Got the ring "Ileo" {rC- rN+ Str+4 Int-4 Dex+4}
  9318 | D        | Got the ring of Vuopp {rCorr Dex+3}
  9320 | D        | Got the amulet "Ruskamisia" {Reflect rF- Int+4 Dex+4 SH+5}
  9322 | D        | Got the amulet "Jilail" {Inacc rN+ Str+3}
  9340 | D        | Got the ring "Zuot" {rPois MP+9}
  9342 | D        | Got the ring of Satisfaction {Ice *Slow MR+ Slay+2}
  9344 | D        | Got the ring of Zioneqysk {EV+4 Int+6}
  9359 | D        | Found the +14 obsidian axe {vorpal, +Fly SInv *Curse}
  9455 | D        | Noticed an electric golem
  9458 | D        | Killed an electric golem
  9464 | D        | Gained mutation: Armour fits poorly on your strangely
                  | shaped body. [a cacodemon]
  9467 | D        | Lost mutation: Armour fits poorly on your strangely shaped
                  | body. [potion of mutation]
  9467 | D        | Gained mutation: Your muscles are strong. (Str +2) [potion
                  | of mutation]
  9467 | D        | Gained mutation: You have large cloven feet. [potion of
                  | mutation]
  9467 | D        | Gained mutation: You have a pair of small horns on your
                  | head. [potion of mutation]
  9471 | D        | Noticed a titan
  9471 | D        | Noticed a pearl dragon
  9475 | D        | Killed a pearl dragon
  9475 | D        | Killed a titan
  9478 | D        | Gained mutation: You passively map a large area around you.
                  | [Deep Dwarf growth]
  9478 | D        | Reached XP level 18. HP: 139/202 MP: 5/49
  9643 | D        | Noticed a Brimstone Fiend
  9645 | D        | Killed a Brimstone Fiend
  9799 | D        | Noticed a profane servitor
  9803 | D        | Killed a profane servitor
  9835 | D        | Noticed an ancient lich
  9839 | D        | Killed an ancient lich
  9879 | D        | Noticed an orb of fire
  9882 | D        | Gained mutation: You are frail. (-10% HP) [an orb of fire]
  9883 | D        | Killed an orb of fire
  9883 | D        | Reached skill level 5 in Stealth
  9947 | D        | Noticed an Ice Fiend
  9949 | D        | Killed an Ice Fiend
  9988 | D        | Noticed an orb of fire
  9993 | D        | Killed an orb of fire
 10033 | D        | Noticed Boris
 10038 | D        | Killed Boris
 10080 | D        | Noticed an electric golem
 10084 | D        | Killed an electric golem
 10094 | D        | Noticed a Tzitzimitl
 10134 | D        | Noticed an orb of fire
 10136 | D        | Noticed a Killer Klown
 10139 | D        | Noticed an ancient lich
 10142 | D        | Noticed Lom Lobon
 10148 | D        | Noticed an Ice Fiend
 10149 | D        | Killed an Ice Fiend
 10152 | D        | Noticed a Brimstone Fiend
 10155 | D        | Killed Lom Lobon
 10155 | D        | Reached skill level 27 in Fighting
 10156 | D        | Killed a Brimstone Fiend
 10157 | D        | Noticed a Tzitzimitl
 10176 | D        | Noticed a Tzitzimitl
 10179 | D        | Noticed a tentacled monstrosity
 10180 | D        | Noticed a greater mummy
 10187 | D        | Noticed a Tzitzimitl
 10189 | D        | Noticed a greater mummy
 10192 | D        | Killed a greater mummy
 10192 | D        | Reached skill level 15 in Conjurations
 10204 | D        | Noticed Jasugi the pandemonium lord
 10205 | D        | Noticed a Tzitzimitl
 10210 | D        | Noticed a greater mummy
 10213 | D        | Noticed a tentacled monstrosity
 10213 | D        | Killed a tentacled monstrosity
 10215 | D        | Killed a greater mummy
 10216 | D        | Killed a Tzitzimitl
 10224 | D        | Killed an orb of fire
 10236 | D        | Killed a Hell Sentinel
 10260 | D        | Identified a +2 pair of boots of running (You found it in
                  | the Dungeon)
 10261 | D        | Got the ring of Dabyif {+Blink rElec MR+ Dex+4 Slay+4}
 10263 | D        | Found the +10 zealot's sword {holy, *Rage rN+ EV+3}
 10266 | D        | Got the ring "Quvimec" {Wiz rN+}
 10268 | D        | Got an iron rune of Zot
 10270 | D        | Got the ring of Sin {rElec rN+}
 10300 | D        | Killed a Tzitzimitl
 10335 | D        | Killed an ancient lich
 10365 | D        | Noticed a greater mummy
 10368 | D        | Noticed a hellephant
 10374 | D        | Killed a hellephant
 10374 | D        | Reached XP level 19. HP: 140/203 MP: 31/50
 10375 | D        | Noticed a Brimstone Fiend
 10381 | D        | Noticed an electric golem
 10382 | D        | Killed a Tzitzimitl
 10383 | D        | Killed an electric golem
 10383 | D        | Reached skill level 15 in Stealth
 10406 | D        | Noticed a pearl dragon
 10407 | D        | Found the +5 demon whip "Spellbinder" {antimagic, MR+}
 10409 | D        | Killed a pearl dragon
 10416 | D        | Identified the +1 ring mail of Ynatiu {rCorr Str+6 Int-4}
 10416 | D        | Identified the +4 ring mail of the Past {Int+4 Dex+2
                  | Stlth+}
 10454 | D        | Killed a Tzitzimitl
 10463 | D        | Killed from afar by a Hell Sentinel

Illustrated notes

Levels and vault maps discovered:
D:        pitsprint [storerooms_1, entrance_room_1, metal_vault_4, armoury_2,
          mini_pit_1, grid_room_1, main_hall_1, silver_pit, the_coven_1,
          the_vestibule_1, steel_vault_4, golden_pit, hallway_of_sentries,
          crystal_vault_4, iron_vault_3, final_vault]

Skill      XL: |  1  2  3  4  5  6  7  8  9 10 11 12 13 14 15 16 17 18 19 |
---------------+----------------------------------------------------------+-----
Spellcasting   | 2 3 5 6 9 10 12 13 15 17 19 23 26 27 | 27.0
Earth Magic    | 6 8 11 12 15 16 18 19 22 24 27 | 27.0
Evocations     | 2 22 27 | 27.0
Armour         | 5 12 22 27 | 27.0
Fighting       | 1 5 9 11 22 27 | 27.0
Long Blades    | 1 |  1.0
Conjurations   | 17 20 | 20.0
Stealth        | 14 15 | 15.8
Shields        | 3 |  3.3
Dodging        | |  2.1
Transmutations | |  0.8

Action                   |  1- 3 |  4- 6 |  7- 9 | 10-12 | 13-15 | 16-18 | 19-21 || total
-------------------------+-------+-------+-------+-------+-------+-------+-------++-------
Melee: Unarmed           |       |       |     1 |     1 |     5 |       |       ||     7
       Scimitar          |       |       |       |       |    13 |       |       ||    13
       Staff             |       |       |       |       |       |     3 |     1 ||     4
       Headbutt          |       |       |       |       |       |     1 |     1 ||     2
 Cast: Sandblast         |    16 |     3 |       |     8 |    13 |     1 |       ||    41
       Lee's Rapid Decon |       |     8 |    24 |    85 |   174 |   194 |    12 ||   497
       Iron Shot         |       |       |       |       |       |     1 |     2 ||     3
Invok: Call Merchant     |       |       |     1 |     2 |     1 |       |       ||     4
       Potion Petition   |       |       |       |     1 |    20 |     8 |     3 ||    32
       Bribe Branch      |       |       |       |       |       |     2 |     1 ||     3
Evoke: Condenser vane    |       |       |       |     8 |    27 |    21 |     4 ||    60
       Phial of floods   |       |       |       |     2 |    12 |     4 |       ||    18
       Phantom mirror    |       |       |       |       |     3 |     1 |     1 ||     5
       Wand              |       |       |       |       |     3 |       |       ||     3
       Lightning rod     |       |       |       |       |       |    13 |       ||    13
  Use: Potion            |       |       |     3 |    22 |    13 |    16 |     1 ||    55
       Scroll            |       |       |       |     3 |     2 |       |       ||     5
Armor: Robe              |       |       |       |     6 |       |       |       ||     6
       Chain mail        |       |       |       |    15 |     3 |       |       ||    18
       Gold dragon scale |       |       |       |       |    95 |    61 |     7 ||   163
Dodge: Dodged            |     1 |     2 |     5 |    29 |     8 |    17 |       ||    62
       Repelled          |       |       |       |       |     2 |     2 |       ||     4
Block: Tower shield      |       |       |       |       |       |       |     9 ||     9

Table legend: (Time is in decaauts) A = Elapsed time spent in this place. B = Non-inter-level travel time spent in this place. C = Inter-level travel time spent in this place. D = Time resting spent in this place. E = Time spent auto-exploring this place. F = Levels seen in this place. G = Mean time per level. A B C D E F G +--------+--------+--------+--------+--------+-----+--------+ Total | 10403 | 9866 | 537 | 6200 | 23 | 1 | 10403.0 | Dungeon | 10403 | 9866 | 537 | 6200 | 23 | 1 | 10403.0 | +--------+--------+--------+--------+--------+-----+--------+

Top non-repeatable levels by time:
       D: 10403 daAuts
